 Dungeon Crawl Stone Soup version 0.26.1-11-gd32895ea62 (webtiles) character file.

Game seed: 12267727215667998882

141 sankara the Shooter (level 5, -5/42 HPs)
             Began as a Minotaur Hunter on May 13, 2021.
             Killed from afar by an orc wizard (9 damage)
             ... with a magic dart
             ... on level 3 of the Dungeon.
             The game lasted 00:06:12 (3093 turns).

sankara the Shooter (Minotaur Hunter)               Turns: 3093, Time: 00:06:13

Health: -5/42      AC:  4    Str: 17    XL:     5   Next: 3%
Magic:  4/4        EV: 12    Int:  8    God:
Gold:   61         SH:  0    Dex: 11    Spells: 4/4 levels left

rFire    . . .     SeeInvis .   a - +0 hand axe
rCold    . . .     Faith    .   (no shield)
rNeg     . . .     Spirit   .   c - +0 leather armour
rPois    +         Reflect  .   (helmet restricted)
rElec    .         Harm     .   (no cloak)
rCorr    .         Rampage  .   y - +0 pair of gloves
Will     .....                  (no boots)
Stlth    +.........             (no amulet)
HPRegen  0.14/turn              C - ring of poison resistance
MPRegen  0.09/turn              (no ring)

@: no status effects
A: retaliatory headbutt, horns 2
a: no special abilities


You were on level 3 of the Dungeon.
You visited 1 branch of the dungeon, and saw 3 of its levels.

You collected 61 gold pieces.

Inventory:

Hand Weapons
 a - a +0 hand axe (weapon)
 b - a +1 shortbow
 p - a +0 short sword
 q - a +2 antimagic dagger
 v - a +1 short sword of venom
 G - a +0 whip
Missiles
 d - 62 arrows
 e - 4 javelins
 h - 8 boomerangs (quivered)
 i - 163 stones
 m - 13 poisoned darts
 r - 47 sling bullets
Armour
 c - a +0 leather armour (worn)
 g - a +0 ring mail
 y - a +0 pair of gloves (worn)
Jewellery
 C - a ring of poison resistance (left hand)
Scrolls
 j - 2 scrolls of teleportation {unknown}
 n - a scroll of fog {unknown}
 o - a scroll of blinking {unknown}
 s - 2 scrolls of identify {unknown}
 t - 2 scrolls of enchant weapon {unknown}
 u - a scroll of magic mapping {unknown}
 w - 2 scrolls of noise {unknown}
 x - a scroll of amnesia {unknown}
 z - a scroll of fear {unknown}
 B - a scroll of remove curse {unknown}
Potions
 f - 2 potions of berserk rage {unknown}
 k - 2 potions of lignification {unknown}
 l - a potion of invisibility {unknown}
 A - a potion of resistance {unknown}
 D - a potion of ambrosia {unknown}
 E - a potion of mutation {unknown}
 F - a potion of degeneration {unknown}


   Skills:
 - Level 2.5 Fighting
 + Level 1.0(1.4) Axes
 - Level 1.5(1.8) Maces & Flails
 + Level 6.4 Bows
 - Level 0.1 Armour
 - Level 2.4 Dodging
 - Level 1.0 Stealth


You had 4 spell levels left.
You didn't know any spells.
Your spell library was empty.

Dungeon Overview and Level Annotations

Branches:
Dungeon (3/15)

Altars:
Gozag
Makhleb
Qazlal
Ru
Trog
Uskayaw
Wu Jian
Xom
Yredelemnul

Annotations:
D:3 3 runed translucent doors, GrimJard's ghost, amateur SpAr


Innate Abilities, Weirdness & Mutations

You reflexively headbutt those who attack you in melee.
You have a pair of horns on your head.


Message History

The magic dart hits you. Something hits you.
Your Axes skill increases to level 1!
You barely miss the orc. You hit something but do no damage. x2
The orc barely misses you. Something hits you.
Something hits you but does no damage.
You slash the orc!
You kill the orc!
You miss something. You barely miss something. Something hits you. x3
Unknown command.
You are too injured to fight recklessly!
You are too injured to fight recklessly!
Unknown command.
You are too injured to fight recklessly!
Unknown command.
A magic dart appears from out of thin air!
The magic dart hits you!
* * * LOW HITPOINT WARNING * * *
A magic dart appears from out of thin air!
The magic dart hits you!
You die...

#.......########.#
#.......# #..
#.......# ###
..####.......#
.............#
.....#...#+###
.### #...# #####
#...#>.....
#@###...... #
#.......... #
###{{...... #
#††...... #
#........ #
#........ # #
##....... ....#
....... .....
....###.###+++


There were no monsters in sight!

Vanquished Creatures
  A worker ant (D:3)
  5 adders
  An ooze (D:1)
  3 worms
  3 dart slugs
  2 orcs (D:3)
  3 giant cockroaches
  6 goblins
  4 hobgoblins
  4 jackals
  A quokka (D:3)
  6 bats
  4 frilled lizards
  6 kobolds
  7 rats
56 creatures vanquished.

Notes
Turn   | Place    | Note
-------+----------+-------------------------------------------
     0 | D:1      | sankara the Minotaur Hunter began the quest for the Orb.
     0 | D:1      | Reached XP level 1. HP: 18/18 MP: 0/0
   139 | D:1      | Reached XP level 2. HP: 22/25 MP: 1/1
   469 | D:1      | Reached skill level 5 in Bows
   869 | D:1      | Reached skill level 1 in Stealth
   869 | D:1      | Reached XP level 3. HP: 30/30 MP: 2/2
  1115 | D:1      | Reached skill level 1 in Maces & Flails
  1853 | D:2      | Found a faded altar of an unknown god.
  1947 | D:2      | Found a basalt altar of Yredelemnul.
  2620 | D:3      | Found a burning altar of Makhleb.
  2622 | D:3      | Found an ornate altar of the Wu Jian Council.
  2622 | D:3      | Found an opulent altar of Gozag.
  2623 | D:3      | Found a bloodstained altar of Trog.
  2624 | D:3      | Found a sacrificial altar of Ru.
  2626 | D:3      | Found a stormy altar of Qazlal.
  2660 | D:3      | Found a runed translucent gate.
  2660 | D:3      | Found a runed translucent gate.
  2660 | D:3      | Found a runed translucent gate.
  2660 | D:3      | Noticed GrimJard's ghost (amateur SpAr)
  2768 | D:3      | Reached XP level 4. HP: 30/37 MP: 3/3
  2857 | D:3      | Found a shimmering altar of Xom.
  2868 | D:3      | Found a hide-covered altar of Uskayaw.
  2974 | D:3      | Reached skill level 6 in Bows
  3087 | D:3      | Reached XP level 5. HP: 36/42 MP: 4/4
  3090 | D:3      | Reached skill level 1 in Axes
  3093 | D:3      | Killed from afar by an orc wizard

Illustrated notes

Levels and vault maps discovered:
D:1:      sevenhm_arrival_forest_fort_small_3, layout_loops_corners,
          lemuel_flame_loot_1
D:2:      layout_basic, lemuel_coloured_pillars_altar,
          chequers_ecumenical_altar_grove
D:3:      layout_basic, minitemple, grunt_temple_overflow_open,
          ebering_ghost_rock_garden, hex_large, serial_bayou_pond_e,
          nicolae_tso_swordbearing_angel

Skill      XL: |  1  2  3  4  5 |
---------------+----------------+-----
Bows           | 5 6 |  6.4
Stealth        | 1 |  1.0
Maces & Flails | 1 |  1.5
Axes           | 1 |  1.0
Fighting       | |  2.5
Armour         | |  0.1
Dodging        | |  2.4

Action                   |  1- 3 |  4- 6 || total
-------------------------+-------+-------++-------
Melee: Short sword       |    27 |       ||    27
       Headbutt          |    17 |     5 ||    22
       Whip              |    64 |    24 ||    88
       Hand axe          |       |    11 ||    11
 Fire: Shortbow          |    12 |       ||    12
Throw: Boomerang         |     9 |       ||     9
 Stab: Sleeping          |     1 |     1 ||     2
Armor: Leather armour    |    24 |    11 ||    35
Dodge: Dodged            |    62 |    26 ||    88
